AoeStats
← ITA | Raffy

Coastal Forest

503446976Analyzed
4v4 RM · 1mo ago on Aug 31, 2026· 32m 10s· 8 players
Game mode
Random Map
Map size
Large (8 player)
Population
200
Speed
Normal
Resources
Standard
Victory
Conquest
Starting age
Dark Age
Ending age
Imperial Age
RankedLock teamsTeams togetherTeam positionsShared explorationLock speedFull tech treeHidden civsTurbo modeCheats
Victory
Defeat
🇨🇱 Wei · Chile
1547
+11
🇦🇷 Sicilians · Argentina
1493
+13
🇨🇳 Muisca · China
1488
+14
1518
-17
🇲🇽 Persians · Mexico
1453
-14
🇮🇹 Spanish · Italy
1401
-12
🇧🇷 Goths · Brazil
1379
-11
RKs Raggz
8:19 Loom
10:05 Feudal Age
14:06 Castle Age
12:39 Double-Bit Axe
13:23 Scale Barding Armor
17:58 Chain Barding Armor
19:09 Bloodlines
21:16 Husbandry
22:49 Forging
31:00 Iron Casting
ITA | CivettaAviotrasportata
6:53 Loom
7:03 Loom
9:49 Feudal Age
10:55 Double-Bit Axe
10:52 Horse Collar
14:13 Forging
14:14 Scale Barding Armor
15:28 Forging
19:05 Bloodlines
20:48 Wheelbarrow
24:18 Castle Age
25:33 Chain Barding Armor
24:37 Light Cavalry
25:18 Husbandry
26:58 Iron Casting
26:37 Husbandry
Ypsilon
2:00 Loom
11:31 Feudal Age
18:20 Double-Bit Axe
20:04 Fletching
21:36 Padded Archer Armor
23:10 Wheelbarrow
27:18 Castle Age
26:08 Scale Mail Armor
26:18 Forging
26:06 Horse Collar
26:21 Gold Mining
26:28 Man-at-Arms
27:26 Elite Skirmisher
28:03 Bodkin Arrow
27:29 Long Swordsman
28:39 Squires
ITA | Raffy
7:34 Loom
10:07 Feudal Age
10:57 Double-Bit Axe
21:15 Castle Age
19:14 Fishing Lines
19:56 Forging
22:12 Medium Warships
22:21 Bow Saw
22:47 Scale Barding Armor
23:38 Horse Collar
26:53 Wheelbarrow
27:38 Gold Mining
28:31 Bloodlines
31:31 Chain Barding Armor
31:47 Iron Casting
夫国之有民,犹水之有舟,停则以安,扰则以危
6:40 Loom
9:25 Feudal Age
9:57 Double-Bit Axe
15:37 Scale Mail Armor
16:43 Arson
17:33 Horse Collar
20:41 Wheelbarrow
24:38 Castle Age
23:48 Forging
25:27 Squires
25:22 Eagle Warrior
25:31 Pikeman
28:14 Chain Mail Armor
28:24 Gold Mining
30:32 Iron Casting
1234yy
8:34 Loom
11:38 Feudal Age
15:40 Castle Age
13:48 Double-Bit Axe
14:50 Scale Barding Armor
24:50 Fletching
25:27 Husbandry
25:48 Horse Collar
26:42 Bow Saw
29:38 Chain Barding Armor
31:29 Wheelbarrow
30:40 Town Watch
32:23 Forging
32:07 Gold Mining
AiM | PoRRo
5:00 Loom
11:33 Feudal Age
12:26 Double-Bit Axe
12:45 Horse Collar
15:38 Stone Mining
15:41 Gold Mining
17:53 Castle Age
22:55 Bow Saw
25:10 Scale Barding Armor
26:29 Heavy Plow
28:32 Wheelbarrow
29:18 Fletching
32:26 Husbandry
32:38 Bloodlines
instant cereal
4:09 Loom
9:18 Feudal Age
10:11 Double-Bit Axe
13:49 Fletching
16:25 Padded Archer Armor
20:02 Town Watch
22:57 Castle Age
21:32 Gold Mining
22:29 Horse Collar
23:35 Bodkin Arrow
23:12 Crossbowman
26:38 Wheelbarrow
26:35 Ballistics
27:54 Leather Archer Armor
28:51 Thumb Ring
Connection lost

Rejoining the realm…

Still unreachable

The connection could not be restored.

Session expired

The server has moved on; the page needs a fresh start.